AAA
EL PASO CHIHUAHUAS @ OMAHA STORM CHASERS
04/29/2024
 
TOP OF THE 1ST
El Paso Chihuahuas batting - Pitching for Omaha Storm Chasers : RHP Jon Gray
Pitching: RHP Jon Gray
Batting: LHB Estevan Florial 0-0: Called Strike
0-1: Ball
1-1: Ball
2-1: Ground out 6-3 (Groundball, 6, EV 83.1 MPH)
Batting: RHB Jordan Westburg 0-0: Ball
1-0: Ball
2-0: Called Strike
2-1: Called Strike
2-2: Ball
3-2: Fly out, F8 (Flyball, 8LD, EV 100.6 MPH)
Batting: LHB Dominic Canzone 0-0: Ball
1-0: Ball
2-0: Ground out U3 (Groundball, 3, EV 100.6 MPH)
Top of the 1st over - 0 runs, 0 hits, 0 errors, 0 left on base; El Paso 0 - Omaha 0
BOTTOM OF THE 1ST
Omaha Storm Chasers batting - Pitching for El Paso Chihuahuas : RHP Brady Singer
Pitching: RHP Brady Singer
Batting: LHB Nick Dunn 0-0: Ball
1-0: Ball
2-0: Called Strike
2-1: Ball
3-1: Foul Ball, location: 5F
3-2: Foul Ball, location: 2F
3-2: Fly out, F8 (Flyball, 8RD, EV 101.9 MPH)
Batting: RHB Ryan Vilade 0-0: Foul Ball, location: 2F
0-1: Ball
1-1: Foul Ball, location: 2F
1-2: Ball
2-2: SOLO HOME RUN (Flyball, 89XD, EV 104.4 MPH), Distance : 391 ft
Batting: LHB Jeren Kendall 0-0: Called Strike
0-1: Swinging Strike
0-2: Ball
1-2: Strikes out looking
Batting: SHB Garrett Wolforth 0-0: Called Strike
0-1: Ball
1-1: Ball
2-1: Ball
3-1: Ground out 6-3 (Groundball, 6M, EV 87.5 MPH)
Bottom of the 1st over - 1 run, 1 hit, 0 errors, 0 left on base; El Paso 0 - Omaha 1
TOP OF THE 2ND
El Paso Chihuahuas batting - Pitching for Omaha Storm Chasers : RHP Jon Gray
Batting: RHB Brennen Davis 0-0: Called Strike
0-1: Ball
1-1: Called Strike
1-2: Ball
2-2: Foul Ball, location: 2LF
2-2: Foul Ball, location: 2F
2-2: Ball
3-2: Base on Balls
Batting: SHB Victor Caratini 0-0: Single, Error in OF, E9, batter to second base (Groundball, 3D, EV 95.6 MPH)
Brennen Davis to third
Batting: RHB Jordan Diaz 0-0: Called Strike
0-1: Swinging Strike
0-2: Strikes out swinging
Batting: RHB Nelson Velazquez 0-0: Foul Ball, location: 2F
0-1: Called Strike
0-2: Ball
1-2: Ball
2-2: Ball
3-2: Foul Ball, location: 3F
3-2: Foul Ball, location: 3DF
3-2: 3-RUN HOME RUN (Flyball, 78XD, EV 105.0 MPH), Distance : 397 ft
Batting: RHB Ezequiel Duran 0-0: Ball
1-0: Ball
2-0: Swinging Strike
2-1: Foul Ball, location: 5FF
2-2: Ball
3-2: Foul Ball, location: 2F
3-2: SINGLE (Groundball, 6MD, EV 99.4 MPH)
Batting: SHB Jeison Guzman 0-0: Ball
1-0: Called Strike
1-1: Ball
2-1: Called Strike
2-2: Strikes out swinging
Batting: LHB Estevan Florial 0-0: Called Strike
0-1: Foul Ball, location: 7LSF
0-2: Foul Ball, location: 5F
0-2: Ball
1-2: Ground out 2-3 (Groundball, 13S, EV 65.0 MPH)
Top of the 2nd over - 3 runs, 3 hits, 1 error, 1 left on base; El Paso 3 - Omaha 1
BOTTOM OF THE 2ND
Omaha Storm Chasers batting - Pitching for El Paso Chihuahuas : RHP Brady Singer
Batting: LHB Ford Proctor 0-0: Ball
1-0: Foul Ball, location: 7LSF
1-1: Ball
2-1: Ball
3-1: Called Strike
3-2: Foul Ball, location: 2F
3-2: Foul Ball, location: 2F
3-2: Ground out 6-3 (Groundball, 6, EV 102.5 MPH)
Batting: RHB Liover Peguero 0-0: SOLO HOME RUN (Line Drive, 7D, EV 105.0 MPH), Distance : 376 ft
Batting: LHB Corey Ray 0-0: Called Strike
0-1: Foul Ball, location: 2F
0-2: Ball
1-2: Foul Ball, location: 7LMF
1-2: Foul Ball, location: 3F
1-2: Ball
2-2: Strikes out swinging
Batting: RHB Michael Helman 0-0: Ball
1-0: Called Strike
1-1: Called Strike
1-2: Foul Ball, location: 7LDF
1-2: Foul Ball, location: 7LMF
1-2: Ball
2-2: Ball
3-2: SOLO HOME RUN (Flyball, 7LD, EV 95.0 MPH), Distance : 341 ft
Batting: LHB RJ Schreck 0-0: Ball
1-0: Called Strike
1-1: Ball
2-1: Foul Ball, location: 2F
2-2: Foul Ball, location: 9LMF
2-2: Ball
3-2: Foul Ball, location: 9LMFF
3-2: DOUBLE (Line Drive, 7LD, EV 105.0 MPH)
Batting: LHB Nick Dunn 0-0: Fly out, F8 (Flyball, 8LD, EV 108.8 MPH)
Bottom of the 2nd over - 2 runs, 3 hits, 0 errors, 1 left on base; El Paso 3 - Omaha 3
TOP OF THE 3RD
El Paso Chihuahuas batting - Pitching for Omaha Storm Chasers : RHP Jon Gray
Batting: RHB Jordan Westburg 0-0: Ball
1-0: Fly out, F8 (Flyball, 8RXD, EV 110.0 MPH)
Batting: LHB Dominic Canzone 0-0: Ball
1-0: Called Strike
1-1: Ball
2-1: Called Strike
2-2: Foul Ball, location: 2F
2-2: Ball
3-2: DOUBLE (Flyball, 8LXD, EV 95.0 MPH)
Batting: RHB Brennen Davis 0-0: Called Strike
0-1: Swinging Strike
0-2: Ball
1-2: Ball
2-2: Foul Ball, location: 9LMF
2-2: Ball
3-2: Foul Ball, location: 9LSF
3-2: Foul Ball, location: 25FF
3-2: Foul Ball, location: 2F
3-2: Base on Balls
Batting: SHB Victor Caratini 0-0: Swinging Strike
0-1: Ball
1-1: Called Strike
1-2: Grounds into double play, 6-4-3 (Groundball, 56D, EV 93.1 MPH)
Top of the 3rd over - 0 runs, 1 hit, 0 errors, 1 left on base; El Paso 3 - Omaha 3
BOTTOM OF THE 3RD
Omaha Storm Chasers batting - Pitching for El Paso Chihuahuas : RHP Brady Singer
Batting: RHB Ryan Vilade 0-0: Ball
1-0: Swinging Strike
1-1: Foul Ball, location: 2F
1-2: Ground out 6-3 (Groundball, 6, EV 106.3 MPH)
Batting: LHB Jeren Kendall 0-0: Called Strike
0-1: Ball
1-1: Swinging Strike
1-2: Foul Ball, location: 2F
1-2: Ball
2-2: SINGLE (Line Drive, 89S, EV 109.4 MPH)
Batting: SHB Garrett Wolforth 0-0: Grounds out, U3 (Groundball, 3L, EV 104.4 MPH)
Batting: LHB Ford Proctor 0-0: Called Strike
0-1: Ball
1-1: Ball
2-1: DOUBLE (Line Drive, 89XD, EV 96.3 MPH)
Jeren Kendall scores
Batting: RHB Liover Peguero 0-0: Called Strike
0-1: Ball
1-1: Ball
2-1: SINGLE (Groundball, P, EV 85.6 MPH) (infield hit)
Ford Proctor to third
Batting: LHB Corey Ray 0-0: Foul Ball, location: 2F
0-1: Ground out 4-3 (Groundball, 34, EV 108.1 MPH)
Bottom of the 3rd over - 1 run, 3 hits, 0 errors, 2 left on base; El Paso 3 - Omaha 4
TOP OF THE 4TH
El Paso Chihuahuas batting - Pitching for Omaha Storm Chasers : RHP Jon Gray
Batting: RHB Jordan Diaz 0-0: Fly out, F8 (Flyball, 8RS, EV 81.9 MPH)
Batting: RHB Nelson Velazquez 0-0: Foul Ball, location: 5FF
0-1: Ball
1-1: Called Strike
1-2: Foul Ball, location: 25FF
1-2: Ball
2-2: Strikes out swinging
Batting: RHB Ezequiel Duran 0-0: Fly out, F8 (Flyball, 8LS, EV 93.8 MPH)
Top of the 4th over - 0 runs, 0 hits, 0 errors, 0 left on base; El Paso 3 - Omaha 4
BOTTOM OF THE 4TH
Omaha Storm Chasers batting - Pitching for El Paso Chihuahuas : RHP Brady Singer
Batting: RHB Michael Helman 0-0: Ball
1-0: Foul Ball, location: 9LMF
1-1: Swinging Strike
1-2: Ball
2-2: Foul Ball, location: 2F
2-2: Foul Ball, location: 9LDF
2-2: Strikes out swinging
Pitching: RHP Collin Wiles
Batting: LHB RJ Schreck 0-0: Fly out, F3 (Popup, 3F, EV 66.9 MPH)
Batting: LHB Nick Dunn 0-0: Called Strike
0-1: Swinging Strike
0-2: Foul Ball, location: 3SF
0-2: Ball
1-2: Ball
2-2: SINGLE (Line Drive, 78S, EV 98.8 MPH)
Batting: RHB Ryan Vilade 0-0: Ball
Wild Pitch!
Nick Dunn to second
1-0: Swinging Strike
1-1: Foul Ball, location: 5F
1-2: SINGLE (Groundball, 6MD, EV 110.0 MPH)
Nick Dunn to third
Runner from 3rd tries for Home, SAFE, throw by CF to home
Batting: LHB Jeren Kendall 0-0: Swinging Strike
0-1: Swinging Strike
0-2: Ball
1-2: Ball
2-2: Ball
3-2: Foul Ball, location: 2F
3-2: Fly out, F7 (Flyball, 7D, EV 104.4 MPH)
Bottom of the 4th over - 1 run, 2 hits, 0 errors, 1 left on base; El Paso 3 - Omaha 5
TOP OF THE 5TH
El Paso Chihuahuas batting - Pitching for Omaha Storm Chasers : RHP Jon Gray
Batting: SHB Jeison Guzman 0-0: Ball
1-0: Called Strike
1-1: Called Strike
1-2: Foul Ball, location: 7LSF
1-2: Foul Ball, location: 25FF
1-2: Ball
2-2: Foul Ball, location: 2F
2-2: Fly out, F7 (Flyball, 7, EV 95.0 MPH)
Batting: LHB Estevan Florial 0-0: Ball
1-0: Ball
2-0: Swinging Strike
2-1: Foul Ball, location: 3FF
2-2: Foul Ball, location: 3FF
2-2: Strikes out swinging
Batting: RHB Jordan Westburg 0-0: Called Strike
0-1: Called Strike
0-2: Ball
1-2: Ball
2-2: Foul Ball, location: 7LSF
2-2: Strikes out swinging
Top of the 5th over - 0 runs, 0 hits, 0 errors, 0 left on base; El Paso 3 - Omaha 5
BOTTOM OF THE 5TH
Omaha Storm Chasers batting - Pitching for El Paso Chihuahuas : RHP Collin Wiles
Batting: SHB Garrett Wolforth 0-0: Ball
1-0: Ball
2-0: Ball
3-0: Called Strike
3-1: Foul Ball, location: 23FF
3-2: Foul Ball, location: 7LDF
3-2: Foul Ball, location: 2F
3-2: Base on Balls
Batting: LHB Ford Proctor 0-0: Sac Bunt to 5S - play at first, batter OUT! 5-3
Garrett Wolforth to second
Batting: RHB Liover Peguero 0-0: Foul Ball, location: 3FF
0-1: SINGLE (Line Drive, 8RS, EV 103.8 MPH)
Garrett Wolforth to third
Batting: LHB Corey Ray 0-0: Ball
1-0: Called Strike
1-1: Foul Ball, location: 25F
1-2: Strikes out looking
Batting: RHB Michael Helman 0-0: Ball
1-0: Ball
2-0: Swinging Strike
2-1: Called Strike
2-2: Ball
3-2: Strikes out swinging
Bottom of the 5th over - 0 runs, 1 hit, 0 errors, 2 left on base; El Paso 3 - Omaha 5
TOP OF THE 6TH
El Paso Chihuahuas batting - Pitching for Omaha Storm Chasers : RHP Jon Gray
Pitching: LHP Franklin Dacosta
Batting: LHB Dominic Canzone 0-0: Ball
1-0: Ball
2-0: Foul Ball, location: 2F
2-1: Fly out, F8 (Flyball, 8LXD, EV 91.9 MPH)
Batting: RHB Brennen Davis 0-0: Called Strike
0-1: Ball
1-1: Foul Ball, location: 25FF
1-2: Ball
2-2: Strikes out swinging
Batting: SHB Victor Caratini 0-0: Ball
1-0: SINGLE (Groundball, 4MD, EV 96.3 MPH)
Batting: RHB Jordan Diaz 0-0: Ball
1-0: Swinging Strike
1-1: Fielders Choice at 2nd, U4 (Groundball, 4M, EV 97.5 MPH)
Top of the 6th over - 0 runs, 1 hit, 0 errors, 1 left on base; El Paso 3 - Omaha 5
BOTTOM OF THE 6TH
Omaha Storm Chasers batting - Pitching for El Paso Chihuahuas : RHP Collin Wiles
Batting: LHB RJ Schreck 0-0: Ball
1-0: Ball
2-0: Called Strike
2-1: Foul Ball, location: 2F
2-2: Ball
3-2: Strikes out swinging
Batting: LHB Nick Dunn 0-0: Foul Ball, location: 2RF
0-1: Fly out, F1 (Line Drive, P, EV 64.4 MPH)
Batting: RHB Ryan Vilade 0-0: Fly out, F9 (Flyball, 89M, EV 96.9 MPH)
Bottom of the 6th over - 0 runs, 0 hits, 0 errors, 0 left on base; El Paso 3 - Omaha 5
TOP OF THE 7TH
El Paso Chihuahuas batting - Pitching for Omaha Storm Chasers : LHP Franklin Dacosta
Batting: RHB Nelson Velazquez 0-0: Ball
1-0: Foul Ball, location: 2F
1-1: Fly out, F7 (Flyball, 78M, EV 81.9 MPH)
Batting: RHB Ezequiel Duran 0-0: Foul Ball, location: 2F
0-1: Ball
1-1: Ground out 6-3 (Groundball, 6, EV 78.8 MPH)
Batting: SHB Jeison Guzman 0-0: Called Strike
0-1: Ball
1-1: SOLO HOME RUN (Flyball, 78XD, EV 104.4 MPH), Distance : 405 ft
Batting: LHB Estevan Florial 0-0: Foul Ball, location: 7LDF
0-1: Ground out 6-3 (Groundball, 6M, EV 93.8 MPH)
Top of the 7th over - 1 run, 1 hit, 0 errors, 0 left on base; El Paso 4 - Omaha 5
BOTTOM OF THE 7TH
Omaha Storm Chasers batting - Pitching for El Paso Chihuahuas : RHP Collin Wiles
Batting: LHB Jeren Kendall 0-0: Foul Ball, location: 2F
0-1: Ground out U3 (Groundball, 3S, EV 73.8 MPH)
Batting: SHB Garrett Wolforth 0-0: Called Strike
0-1: Ball
1-1: Ball
2-1: Ground out 2-3 (Groundball, 13S, EV 69.4 MPH)
Batting: LHB Ford Proctor 0-0: Fly out, F8 (Flyball, 8RD, EV 104.4 MPH)
Bottom of the 7th over - 0 runs, 0 hits, 0 errors, 0 left on base; El Paso 4 - Omaha 5
TOP OF THE 8TH
El Paso Chihuahuas batting - Pitching for Omaha Storm Chasers : LHP Franklin Dacosta
Batting: RHB Jordan Westburg 0-0: Ball
1-0: Foul Ball, location: 3SF
1-1: Ball
2-1: Ball
3-1: Base on Balls
Batting: LHB Dominic Canzone 0-0: Ball
1-0: Called Strike
1-1: Ball
2-1: Called Strike
2-2: Ball
3-2: Strikes out swinging
Pitching: RHP Julian Fernandez
Pinch Hitting: LHB Vimael Machin 0-0: Ball
Jordan Westburg is caught stealing 2nd base 2-6
1-0: Ball
2-0: Ball
3-0: Called Strike
3-1: Ground out U3 (Groundball, 23, EV 83.1 MPH)
Top of the 8th over - 0 runs, 0 hits, 0 errors, 0 left on base; El Paso 4 - Omaha 5
BOTTOM OF THE 8TH
Omaha Storm Chasers batting - Pitching for El Paso Chihuahuas : RHP Collin Wiles
Pitching: RHP Trey Wingenter
Now at 2B: Vimael Machin
Now in LF: Ezequiel Duran
Batting: RHB Liover Peguero 0-0: Called Strike
0-1: Called Strike
0-2: Ball
1-2: Ball
2-2: Ground out 6-3 (Groundball, 6M, EV 83.8 MPH)
Batting: LHB Corey Ray 0-0: Ball
1-0: Foul Ball, location: 7LMF
1-1: Fly out, F7 (Flyball, 78M, EV 92.5 MPH)
Batting: RHB Michael Helman 0-0: Called Strike
0-1: Fly out, F8 (Line Drive, 8RD, EV 91.3 MPH)
Bottom of the 8th over - 0 runs, 0 hits, 0 errors, 0 left on base; El Paso 4 - Omaha 5
TOP OF THE 9TH
El Paso Chihuahuas batting - Pitching for Omaha Storm Chasers : RHP Julian Fernandez
Pitching: LHP Brandon Hughes
Now in LF: Jeren Kendall
Now in CF: Corey Ray
Now in RF: Michael Gettys
Batting: SHB Victor Caratini 0-0: Ball
1-0: Foul Ball, location: 9LMF
1-1: Ball
2-1: Ball
3-1: Base on Balls
Batting: RHB Jordan Diaz 0-0: Bunted foul
0-1: Fly out, F8 (Flyball, 8LXD, EV 95.0 MPH)
Batting: RHB Nelson Velazquez 0-0: Ball
1-0: SINGLE (Line Drive, 56D, EV 98.8 MPH)
Victor Caratini to second
Batting: RHB Ezequiel Duran 0-0: Called Strike
0-1: Ball
1-1: Called Strike
1-2: Ball
2-2: Fly out, F8 (Flyball, 8LD, EV 93.1 MPH)
Batting: SHB Jeison Guzman 0-0: Foul Ball, location: 9LMF
0-1: Ball
1-1: Swinging Strike
1-2: Foul Ball, location: 2F
1-2: Ball
2-2: Ball
3-2: DOUBLE (Groundball, 5L, EV 104.4 MPH)
Victor Caratini scores
Nelson Velazquez to third
Nelson Velazquez scores
Batting: LHB Estevan Florial 0-0: Foul Ball, location: 5FF
0-1: SINGLE (Line Drive, 7S, EV 94.4 MPH)
Jeison Guzman to third
Runner from 3rd tries for Home, SAFE, throw by LF to home
Batting: RHB Jordan Westburg 0-0: Ball
1-0: Fielders Choice at 2nd, 6-4 (Groundball, 6, EV 87.5 MPH)
Top of the 9th over - 3 runs, 3 hits, 0 errors, 1 left on base; El Paso 7 - Omaha 5
BOTTOM OF THE 9TH
Omaha Storm Chasers batting - Pitching for El Paso Chihuahuas : RHP Trey Wingenter
Pitching: RHP Hayden Juenger
Now at 2B: Jeison Guzman
Now at 3B: Niko Goodrum
Now at SS: Erik González
Now in RF: Oscar Gonzalez
Pinch Hitting: LHB Lewin Diaz 0-0: Fly out, F8 (Flyball, 89M, EV 93.8 MPH)
Batting: LHB Nick Dunn 0-0: Ball
1-0: Fly out, F7 (Line Drive, 78M, EV 104.4 MPH)
Batting: RHB Ryan Vilade 0-0: Ball
1-0: Ball
2-0: Foul Ball, location: 5DF
2-1: Foul Ball, location: 2F
2-2: Ground out 6-3 (Groundball, 6, EV 91.3 MPH)
Bottom of the 9th over - 0 runs, 0 hits, 0 errors, 0 left on base; El Paso 7 - Omaha 5
Friday, March 1st , 2024 - OOTP Baseball 24.11 Build 85